cohdb
Replays
Latest Replays
All Replays
Popular Replays
Top Player Replays
Match Explorer
How It Works
Community
CoH3 Stats
Reddit
Sign in to upload your games and track your stats! →
Sign in with Steam
Match 42958194
Unlisted
Match 42958194
Overview
Messages
Build Orders
End
Royal Engineer Section
Construct Section Command Post
Selects Canadian Shock Battlegroup
Dingo Light Scout Car
Infantry Section
Infantry Section
Vickers Machine Gun Team
Construct Field Infirmary
Construct Platoon Command Post
Grenade Package
Selects Attacking Spirit
Selects Canadian Shock Section
Selects Incendiary Munitions
Humber Armored Car
Infantry Section
Unlock M3 Stuart Light Tanks
Selects Pyrotechnics
M3 Stuart Light Tank
M3 Stuart Light Tank
M3 Stuart Light Tank
Infantry Section
Royal Engineer Section
Infantry Section
Infantry Training
Selects Churchill Crocodile Heavy Tank
Churchill Crocodile Heavy Tank
Bootyquake
Thank You Chef
0
0
Comments
sign in to comment!
No comments posted yet!